 Dungeon Crawl Stone Soup version 0.29-a0-791-ga0f254aafb (webtiles) character file.

Game seed: 16985670084672284172

42 Malachi the Sneak (level 3, -3/29 HPs)
             Began as a Demonspawn Brigand on July 3, 2022.
             Succumbed to a goblin's poison
             ... on level 2 of the Dungeon.
             The game lasted 00:01:53 (1338 turns).

Malachi the Sneak (Demonspawn Brigand)              Turns: 1338, Time: 00:01:53

Health: -3/29      AC:  6    Str: 11    XL:     3   Next: 35%
Magic:  3/3        EV: 11    Int: 12    God:
Gold:   11         SH:  0    Dex: 16    Spells: 2/2 levels left

rFire   . . .      SeeInvis .   a - +2 dagger
rCold   . . .      Faith    .   (no shield)
rNeg    . . .      Spirit   .   q - +0 ring mail
rPois   .          Reflect  .   (no helmet)
rElec   .          Harm     .   c - +0 cloak
rCorr   .          Rampage  .   (no gloves)
Will    .....                   (no boots)
Stlth   ++........              (no amulet)
HPRegen 0.09/turn               (no ring)
MPRegen 0.08/turn               (no ring)

@: lethally poisoned (-3 -> -19)
A: sturdy frame 1
a: no special abilities


You were on level 2 of the Dungeon.
You visited 1 branch of the dungeon, and saw 2 of its levels.

You collected 11 gold pieces.

Inventory:

Hand Weapons
 a - a +2 dagger (weapon)
Missiles
 d - 9 poisoned darts (quivered)
 e - 3 curare-tipped darts
Armour
 c - a +0 cloak (worn)
 q - a +0 ring mail (worn)
Scrolls
 g - a scroll of teleportation {unknown}
 h - a scroll of blinking
 k - a scroll of fear {unknown}
 l - a scroll of immolation {unknown}
 m - a scroll of enchant armour {unknown}
Potions
 i - 2 potions of heal wounds {unknown}
 j - a potion of flight {unknown}
 n - a potion of invisibility {unknown}
 o - a potion of magic {unknown}
 p - a potion of mutation {unknown}


   Skills:
 * Level 3.4 Fighting
 - Level 1.7 Short Blades
 - Level 1.7 Throwing
 + Level 1.2 Armour
 - Level 0.8 Dodging
 - Level 3.6 Stealth


You had 2 spell levels left.
You didn't know any spells.
Your spell library was empty.

Dungeon Overview and Level Annotations

Branches:
Dungeon (2/15)

Altars:

Annotations:
D:2 Robin


Innate Abilities, Weirdness & Mutations

Your movements are slightly less encumbered by armour. (ER -2)


Message History

You are poisoned.
The goblin closely misses you.
You barely miss the goblin.
The goblin is moderately wounded.
You feel sick. The goblin closely misses you. The goblin barely misses you.
You miss the goblin.
The goblin is moderately wounded.
You feel sick.
The goblin hits you with a +0 dagger of venom.
You are more poisoned.
The goblin closely misses you.
You miss the goblin.
The goblin is moderately wounded.
You feel very sick.
The goblin hits you with a +0 dagger of venom.
You are more poisoned.
The goblin misses you.
You are too injured to fight recklessly!
You are too injured to fight recklessly!
You hit the goblin.
The goblin is heavily wounded.
* * * LOW HITPOINT WARNING * * *
You feel very sick.
The goblin hits you with a +0 dagger of venom.
* * * LOW HITPOINT WARNING * * *
The goblin barely misses you.
Blink to where?
Press: ? - help, Dir - move target, f - you Are you sure you want to cancel this blink? [Y]es or [N]o only, please.
Are you sure you want to cancel this blink? [Y]es or [N]o only, please.
Are you sure you want to cancel this blink? [Y]es or [N]o only, please.
Are you sure you want to cancel this blink?
Blink to where?
Press: ? - help, Dir - move target
As you read the scroll labelled VAOPE QURUE, it crumbles to dust.
It was a scroll of blinking.
You die...

#. #.
####.##
.......
#......
+......
#......##
#@# #.#
#)# #g#
#ยง# #g#
#gg...#
.....g#
###.....gg


You could see Robin and 3 goblins.

Vanquished Creatures
  An endoplasm (D:2)
  3 giant cockroaches (D:1)
  8 hobgoblins
  3 kobolds (D:1)
  2 quokkas (D:1)
  4 ball pythons (D:1)
  2 bats (D:1)
  A frilled lizard (D:1)
  9 goblins
  3 rats (D:1)
36 creatures vanquished.

Vanquished Creatures (others)
  A goblin (D:2)
1 creature vanquished.

Grand Total: 37 creatures vanquished

Notes
Turn   | Place    | Note
-------+----------+-------------------------------------------
     0 | D:1      | Malachi the Demonspawn Brigand began the quest for the Orb.
     0 | D:1      | Reached XP level 1. HP: 16/16 MP: 1/1
   107 | D:1      | Gained mutation: Your movements are slightly less
                  | encumbered by armour. (ER -2) [demonic ancestry]
   107 | D:1      | Reached XP level 2. HP: 11/23 MP: 2/2
  1006 | D:1      | Reached XP level 3. HP: 29/29 MP: 3/3
  1309 | D:2      | Noticed Robin
  1316 | D:2      | Reached skill level 1 in Armour
  1337 | D:2      | HP: 1/29 [goblin/+0 dagger of venom[Robin] (5)]
  1338 | D:2      | Succumbed to a goblin's poison

Illustrated notes

Levels and vault maps discovered:
D:1:      ebering_hopf_link, layout_basic, st_stairs_6,
          chequers_serial_rivers_micro_e
D:2:      layout_basic, hellmonk_ecumenical_altar_heavens_door, uniq_jessica,
          uniq_robin

Skill      XL: |  1  2  3 |
---------------+----------+-----
Fighting       | 3 |  3.4
Armour         | 1 |  1.2
Short Blades   | |  1.7
Throwing       | |  1.7
Dodging        | |  0.8
Stealth        | |  3.6

Action                   || total
-------------------------++-------
Melee: Dagger            ||   132
  Use: Scroll            ||     1
 Stab: Sleeping          ||     2
Armor: Chain mail        ||    61
       Robe              ||     6
       Ring mail         ||     7
Dodge: Dodged            ||    54

Table legend: (Time is in decaauts)
 A = Elapsed time spent in this place.
 B = Non-inter-level travel time spent in this place.
 C = Inter-level travel time spent in this place.
 D = Time resting spent in this place.
 E = Time spent auto-exploring this place.
 F = Levels seen in this place.
 G = Mean time per level.
                   A        B        C        D        E       F      G
               +--------+--------+--------+--------+--------+-----+--------+
         Total |   1327 |   1251 |     76 |    368 |    646 |   2 |  663.5 |
       Dungeon |   1327 |   1251 |     76 |    368 |    646 |   2 |  663.5 |
               +--------+--------+--------+--------+--------+-----+--------+

Top non-repeatable levels by time:
     D:1: 1297 daAuts
     D:2: 30 daAuts
